 Dungeon Crawl Stone Soup version 0.32-a0-747-gc8563f6773 (webtiles) character file.

Game seed: 4225970722026183981

477 cforsyth the Chopper (level 6, -14/55 HPs)
             Began as a Mountain Dwarf Cinder Acolyte on Mar 17, 2024.
             Was a High Priest of Ignis.
             Demolished by a two-headed ogre
             ... wielding a +0 giant club
              (19 damage)
             ... on level 5 of the Dungeon.
             The game lasted 00:05:20 (5273 turns).

cforsyth the Chopper (MDCA)                         Turns: 5273, Time: 00:05:21

Health: -14/55     AC: 13    Str: 18    XL:     6   Next: 85%
Magic:  2/10       EV:  6    Int: 15    God:    Ignis [*****.]
Gold:   282        SH:  0    Dex:  5    Spells: 8/10 levels left

rFire   + . .        a - +1 hand axe (elec)
rCold   . . .        (no shield)
rNeg    + . .        l - +0 chain mail
rPois   .            u - +2 hat
rElec   .            i - +0 cloak
rCorr   .            r - +0 pair of gloves
SInv    .            (no boots)
Will    .....        (no amulet) Stlth
                     N - ring of positive energy
HPRegen 0.29/turn    (no ring)
MPRegen 0.12/turn

%: no passive effects
@: very slightly contaminated
A: runic magic, artefact enchanting
a: Renounce Religion, Fiery Armour, Foxfire Swarm, Rising Flame


You were on level 5 of the Dungeon.
You worshipped Ignis.
Ignis was extremely pleased with you.
You visited 1 branch of the dungeon, and saw 5 of its levels.

You collected 282 gold pieces.


Innate Abilities, Weirdness & Mutations

Your spellcasting is much less encumbered by armour.
You can use scrolls of enchantment on lesser artefacts.


   Skills:
 + Level 4.8 Fighting
 + Level 5.2 Axes
 + Level 3.1 Armour
 + Level 2.8 Spellcasting
 + Level 5.2 Fire Magic


You had 8 spell levels left.
You knew the following spells:

 Your Spells              Type           Power      Damage    Failure   Level
X - Scorch                Fire           34%        2d6       6%          2

Your spell library contained the following spells:

 Spells                   Type           Power      Damage    Failure   Level
 Blink                    Tloc           4%         N/A       47%         2
 Lesser Beckoning         Tloc           4%         N/A       47%         2
 Mercury Vapours          Alch/Air       4%         N/A       47%         2
 Momentum Strike          Conj/Tloc      4%         3d8       47%         2
 Mephitic Cloud           Conj/Alch/Air  2%         N/A       71%         3
 Tukima's Dance           Hex            2%         N/A       71%         3
 Dimensional Bullseye     Hex/Tloc       1%         N/A       98%         4
 Iskenderun's Mystic Bla  Conj/Tloc      2%         2d3       98%         4
 Freezing Cloud           Conj/Ice/Air   1%         6-21      100%        5

Inventory:

Hand Weapons
 a - a +1 hand axe of electrocution (weapon)
Armour
 i - a +0 cloak (worn)
 l - a +0 chain mail (worn)
 r - a +0 pair of gloves (worn)
 u - a +2 hat (worn)
 w - a +0 cloak of preservation
Magical Staves
 g - a staff of earth {!a}
Jewellery
 N - a ring of positive energy (left hand)
Wands
 b - a wand of flame (19)
 v - a wand of iceblast (8)
Scrolls
 d - 3 scrolls of identify {unknown}
 h - a scroll of fear {unknown}
 n - a scroll of blinking {unknown}
 o - a scroll of revelation {unknown}
 p - a scroll of enchant armour {unknown}
 q - a scroll of poison {unknown}
 s - a scroll of immolation {unknown}
Potions
 c - a potion of enlightenment {unknown}
 e - a potion of magic {unknown}
 f - 5 potions of curing {unknown}
 j - 2 potions of brilliance {unknown}
 k - a potion of ambrosia {unknown}
 m - a potion of might {unknown}
 t - a potion of mutation {unknown}

Dungeon Overview and Level Annotations

Branches:
Dungeon (5/15)             Temple (0/1) D:4

Altars:
Ashenzari
Qazlal
Xom

#.<))...#
##.....## ##...##
##'## #.# #)#
#### ##.###..
##...##.####
###.....#@O..#
#..........#.....
#.###.###....##.#
... ### #.####
### #.. ####


You could see a two-headed ogre (combustible).


Message History

w - a +0 cloak of preservation A two-headed ogre comes into view.
It is wielding a +0 giant club and a +0 dire flail.
The two-headed ogre shouts in stereo!
A two-headed ogre is nearby!
A two-headed ogre is nearby!
A two-headed ogre is nearby!
Flames lash the two-headed ogre.
The two-headed ogre is lightly wounded.
The two-headed ogre's fire resistance burns away.
Flames lash the two-headed ogre.
The two-headed ogre is burned terribly!
The two-headed ogre is moderately wounded.
You miscast Scorch.
You are very lightly contaminated with residual magic.
Nothing appears to happen.
The two-headed ogre hits you with a +0 giant club!
The two-headed ogre hits you with a +0 dire flail!
Flames lash the two-headed ogre.
The two-headed ogre is burned terribly!
The two-headed ogre is moderately wounded.
You hit the two-headed ogre.
The two-headed ogre is moderately wounded.
The two-headed ogre hits you with a +0 giant club!
* * * LOW HITPOINT WARNING * * *
The two-headed ogre hits you with a +0 dire flail!!
* * * LOW HITPOINT WARNING * * *
You are too injured to fight recklessly!
You closely miss the two-headed ogre.
The two-headed ogre is moderately wounded.
The two-headed ogre hits you with a +0 giant club!!
You die...
Ignis goes out, and joins you in death.

Skill      XL: |  1  2  3  4  5  6 |
---------------+-------------------+-----
Armour         | 1 2 3 |  3.1
Axes           | 4 5 |  5.2
Fire Magic     | 4 5 |  5.2
Fighting       | 4 |  4.8
Spellcasting   | 2 |  2.8

Action                     |  1- 3 |  4- 6 || total
---------------------------+-------+-------++-------
  Melee: Hand axe          |    73 |    45 ||   118
   Cast: Scorch            |    26 |    94 ||   120
 Armour: Robe              |    36 |       ||    36
         Chain mail        |     6 |    75 ||    81
  Dodge: Dodged            |    31 |    32 ||    63

Levels and vault maps discovered:
D:1:      nzn_arrival_settlement, layout_basic, st_stairs_14
D:2:      layout_loops_ring, minivault_11
D:3:      layout_loops_ring, nicolae_ecumenical_snake_handling,
          minmay_snake_closets, uniq_ijyb
D:4:      layout_loops_ring, minmay_overflow_temple_star_quad,
          minmay_temple_entry_stoned_glass, kennysheep_generic_room_14
D:5:      layout_loops_corners, nicolae_ru_the_path_less_chosen, uniq_menkaure,
          uniq_sigmund, uniq_duvessa

Notes
Turn   | Place    | Note
-------+----------+-------------------------------------------
     0 | D:1      | cforsyth the Mountain Dwarf Cinder Acolyte began the quest
                  | for the Orb.
     0 | D:1      | Reached XP level 1. HP: 19/19 MP: 2/2
   163 | D:1      | Reached XP level 2. HP: 15/25 MP: 3/3
   185 | D:1      | Learned a level 2 spell: Scorch
   718 | D:1      | You fall into a shaft and drop 1 floor!
   771 | D:2      | Reached skill level 1 in Armour
   885 | D:2      | Reached skill level 4 in Axes
   885 | D:2      | Reached skill level 4 in Fire Magic
   885 | D:2      | Reached XP level 3. HP: 31/31 MP: 0/5
  1858 | D:2      | Reached XP level 4. HP: 38/40 MP: 2/6
  2071 | D:3      | Found a faded altar of an unknown god.
  2098 | D:3      | Reached skill level 4 in Fighting
  2433 | D:3      | Reached skill level 2 in Armour
  2433 | D:3      | Reached skill level 2 in Spellcasting
  2433 | D:3      | Reached XP level 5. HP: 46/46 MP: 2/8
  3215 | D:3      | Noticed Ijyb
  3219 | D:3      | Killed Ijyb
  3754 | D:4      | Found a staircase to the Ecumenical Temple.
  3758 | D:4      | Reached XP level 6. HP: 53/53 MP: 4/9
  3933 | D:4      | Reached skill level 5 in Axes
  4096 | D:4      | Reached skill level 5 in Fire Magic
  4386 | D:4      | Found a shimmering altar of Xom.
  4390 | D:4      | Found a broken altar of Ashenzari.
  4395 | D:4      | Found a stormy altar of Qazlal.
  4537 | D:4      | Reached skill level 3 in Armour
  5170 | D:5      | Entered Level 5 of the Dungeon
  5267 | D:5      | Noticed a two-headed ogre
  5272 | D:5      | HP: 5/55 [two-headed ogre/+0 giant club (19)]
  5273 | D:5      | Demolished by a two-headed ogre

Vanquished Creatures
  A bombardier beetle (D:4)
  A hound (D:3)
  A jelly (D:4)
  3 iguanas (D:4)
  Ijyb (D:3)
  An orc wizard (D:3)
  9 adders
  6 gnolls
  6 ribbon worms
  11 orcs
  9 endoplasms
  3 giant cockroaches
  5 goblins
  7 hobgoblins
  2 jackals (D:4)
  9 kobolds
  6 quokkas
  12 ball pythons
  5 bats
  2 frilled lizards (D:1)
  4 rats
104 creatures vanquished.

Table legend: (Time is in decaauts)
 A = Elapsed time spent in this place.
 B = Non-inter-level travel time spent in this place.
 C = Inter-level travel time spent in this place.
 D = Time resting spent in this place.
 E = Time spent auto-exploring this place.
 F = Levels seen in this place.
 G = Mean time per level.
                   A        B        C        D        E       F      G
               +--------+--------+--------+--------+--------+-----+--------+
         Total |   5288 |   5127 |    161 |    273 |   4164 |   5 | 1057.6 |
       Dungeon |   5288 |   5127 |    161 |    273 |   4164 |   5 | 1057.6 |
               +--------+--------+--------+--------+--------+-----+--------+

Top non-repeatable levels by time:
     D:3: 1530 daAuts
     D:4: 1505 daAuts
     D:2: 1427 daAuts
     D:1: 722 daAuts
     D:5: 103 daAuts

Table legend:
 A = Non-vault XP
 B = Vault XP
 C = Vault XP percentage of total XP
 D = Non-vault monster count
 E = Vault monster count
 F = Vault count percentage of total count
                 A         B        C        D         E       F
            +---------+---------+-------+---------+---------+-------
      Total |     572 |     110 |  16.1 |      91 |      13 |  12.5
            +---------+---------+-------+---------+---------+-------
        D:1 |      26 |       2 |   7.1 |      17 |       1 |   5.6
        D:2 |      70 |      15 |  17.6 |      22 |       2 |   8.3
        D:3 |     127 |      93 |  42.3 |      23 |      10 |  30.3
        D:4 |     306 |       0 |   0.0 |      26 |       0 |   0.0
        D:5 |      43 |       0 |   0.0 |       3 |       0 |   0.0
            +---------+---------+-------+---------+---------+-------
